MWL (24 & UNDER)
PLUMSTEAD EAGLES @ LEE'S SUMMIT TIGERS
05/13/2029
 
TOP OF THE 1ST
Plumstead Eagles batting - Pitching for Lee's Summit Tigers : RHP Mike Spencer
Pitching: RHP Mike Spencer
Batting: LHB Ramón Morán 0-0: Called Strike
0-1: Ball
1-1: Ball
2-1: Ball
3-1: Swinging Strike
3-2: Strikes out swinging
Batting: SHB Travis Martin 0-0: Ball
1-0: Ball
2-0: Called Strike
2-1: Ground out 4-3 (Groundball, 4)
Batting: LHB Víctor Peña 0-0: Ball
1-0: Swinging Strike
1-1: Foul Ball, location: 2F
1-2: Foul Ball, location: 2F
1-2: Fly out, F3 (Popup, 34)
Top of the 1st over - 0 runs, 0 hits, 0 errors, 0 left on base; Plumstead 0 - Lee's Summit 0
BOTTOM OF THE 1ST
Lee's Summit Tigers batting - Pitching for Plumstead Eagles : RHP Paul Orr
Pitching: RHP Paul Orr
Batting: RHB José Deleón 0-0: Ball
1-0: Ball
2-0: Swinging Strike
2-1: SINGLE (Line Drive, 34)
Batting: RHB Salvador Rodríguez 0-0: Ball
1-0: Fly out, F7 (Flyball, 78D)
Batting: LHB José Guerrero 0-0: Fielders Choice at 2nd, 5-4 (Groundball, 56)
Batting: LHB Terry Neal 0-0: Ball
1-0: DOUBLE (Line Drive, 7LM)
José Guerrero to third
Runner from 3rd tries for Home, SAFE, no throw
Batting: RHB Juan Rodríguez 0-0: Called Strike
0-1: Called Strike
0-2: Ground out 4-3 (Groundball, 4)
Bottom of the 1st over - 1 run, 2 hits, 0 errors, 1 left on base; Plumstead 0 - Lee's Summit 1
TOP OF THE 2ND
Plumstead Eagles batting - Pitching for Lee's Summit Tigers : RHP Mike Spencer
Batting: RHB Edmund Swanson 0-0: Foul Ball, location: 2F
0-1: Ball
1-1: Ball
2-1: Called Strike
2-2: Strikes out swinging
Batting: RHB David Rodríguez 0-0: Ball
1-0: Foul Ball, location: 2F
1-1: Swinging Strike
1-2: Strikes out swinging
Batting: RHB Carlos Palomón 0-0: Ball
1-0: Foul Ball, location: 2F
1-1: Ball
2-1: Ball
3-1: Swinging Strike
3-2: Fly out, F6 (Popup, 6MS)
Top of the 2nd over - 0 runs, 0 hits, 0 errors, 0 left on base; Plumstead 0 - Lee's Summit 1
BOTTOM OF THE 2ND
Lee's Summit Tigers batting - Pitching for Plumstead Eagles : RHP Paul Orr
Batting: RHB Luwen Tijl 0-0: Called Strike
0-1: Ball
1-1: Ground out 5-3 (Groundball, 56)
Batting: RHB Jesús García 0-0: Ball
1-0: Foul Ball, location: 2F
1-1: Foul Ball, location: 2F
1-2: Strikes out swinging
Batting: SHB Enrique Bartoccini 0-0: DOUBLE (Groundball, 5L)
Batting: SHB José Castillo 0-0: Called Strike
0-1: Called Strike
0-2: Ball
1-2: Strikes out swinging
Bottom of the 2nd over - 0 runs, 1 hit, 0 errors, 1 left on base; Plumstead 0 - Lee's Summit 1
TOP OF THE 3RD
Plumstead Eagles batting - Pitching for Lee's Summit Tigers : RHP Mike Spencer
Batting: LHB Mauro López 0-0: Ball
1-0: Ball
2-0: Called Strike
2-1: Called Strike
2-2: Foul Ball, location: 2F
2-2: Ball
3-2: Base on Balls
Batting: SHB Joaquín Gilera 0-0: Called Strike
0-1: Foul Ball, location: 2F
0-2: Foul Ball, location: 2F
0-2: Ball
1-2: Foul Ball, location: 2F
1-2: Ball
2-2: Ball
3-2: Foul Ball, location: 2F
3-2: SINGLE (Groundball, 6MD)
Mauro López to second
Batting: RHB Wayne Workman 0-0: Fielders Choice at 2nd, 5-4 (Groundball, 56)
Mauro López to third
Batting: LHB Ramón Morán 0-0: Called Strike
0-1: Ball
1-1: Foul Ball, location: 2F
1-2: Ball
Wayne Workman steals 2nd base
2-2: Ball
3-2: Ground out 4-3 (Groundball, 4)
Mauro López scores
Wayne Workman to third
Batting: SHB Travis Martin 0-0: Ground out 5-3 (Groundball, 5L)
Top of the 3rd over - 1 run, 1 hit, 0 errors, 1 left on base; Plumstead 1 - Lee's Summit 1
BOTTOM OF THE 3RD
Lee's Summit Tigers batting - Pitching for Plumstead Eagles : RHP Paul Orr
Batting: RHB José Deleón 0-0: Ball
1-0: Ball
2-0: Ball
3-0: Called Strike
3-1: Called Strike
3-2: Base on Balls
Batting: RHB Salvador Rodríguez 0-0: Foul Ball, location: 2F
0-1: Ball
1-1: Foul Ball, location: 2F
1-2: Ball
2-2: Strikes out looking
Batting: LHB José Guerrero 0-0: Ball
1-0: Ball
2-0: SINGLE (Groundball, 2L) (infield hit)
José Deleón to second
Batting: LHB Terry Neal 0-0: Swinging Strike
0-1: Foul Ball, location: 2F
0-2: Ball
1-2: Foul Ball, location: 2F
1-2: Strikes out swinging
Batting: RHB Juan Rodríguez 0-0: Swinging Strike
0-1: Ball
1-1: Ground out 1-3 (Groundball, 15S)
Bottom of the 3rd over - 0 runs, 1 hit, 0 errors, 2 left on base; Plumstead 1 - Lee's Summit 1
TOP OF THE 4TH
Plumstead Eagles batting - Pitching for Lee's Summit Tigers : RHP Mike Spencer
Batting: LHB Víctor Peña 0-0: Called Strike
0-1: Foul Ball, location: 2F
0-2: Strikes out swinging
Batting: RHB Edmund Swanson 0-0: Ball
1-0: Ball
2-0: Called Strike
2-1: Ball
3-1: Base on Balls
Batting: RHB David Rodríguez 0-0: Ball
1-0: Foul Ball, location: 2F
1-1: Ball
2-1: Ball
3-1: SINGLE (Line Drive, 89S)
Edmund Swanson to second
Batting: RHB Carlos Palomón 0-0: Ball
1-0: SINGLE (Line Drive, 6D)
Edmund Swanson to third
David Rodríguez to second
Runner from 3rd tries for Home, SAFE, no throw
Batting: LHB Mauro López 0-0: Ball
David Rodríguez steals 3rd base
Carlos Palomón to second
1-0: Ball
2-0: SINGLE (Flyball, 89S)
David Rodríguez scores
Carlos Palomón to third
Runner from 3rd tries for Home, SAFE, no throw
Batting: SHB Joaquín Gilera 0-0: Grounds into double play, 1-6-3 (Groundball, 13S)
Top of the 4th over - 3 runs, 3 hits, 0 errors, 0 left on base; Plumstead 4 - Lee's Summit 1
BOTTOM OF THE 4TH
Lee's Summit Tigers batting - Pitching for Plumstead Eagles : RHP Paul Orr
Batting: RHB Luwen Tijl 0-0: SINGLE (Groundball, 6MD)
Batting: RHB Jesús García 0-0: Called Strike
0-1: Ball
1-1: Fielders Choice at 2nd, 5-4 (Groundball, 56)
Batting: SHB Enrique Bartoccini 0-0: Ball
1-0: Called Strike
1-1: Swinging Strike
1-2: Ball
2-2: Foul Ball, location: 2F
2-2: Foul Ball, location: 2F
2-2: Foul Ball, location: 2F
2-2: Strikes out swinging
Batting: SHB José Castillo 0-0: Ball
1-0: Ground out 4-3 (Groundball, 4)
Bottom of the 4th over - 0 runs, 1 hit, 0 errors, 1 left on base; Plumstead 4 - Lee's Summit 1
TOP OF THE 5TH
Plumstead Eagles batting - Pitching for Lee's Summit Tigers : RHP Mike Spencer
Batting: RHB Wayne Workman 0-0: Ball
1-0: Foul Ball, location: 2F
1-1: Reached on error, E9 (Line Drive, 9D)
Batting: LHB Ramón Morán 0-0: Called Strike
0-1: SINGLE (Groundball, 4MD)
Wayne Workman to third
Batting: SHB Travis Martin 0-0: Ball
1-0: Ball
2-0: Ball
3-0: Called Strike
3-1: Fielders Choice at 2nd, 4-6 (Groundball, 4)
Wayne Workman scores
Batting: LHB Víctor Peña 0-0: Ball
1-0: Called Strike
1-1: Swinging Strike
1-2: Grounds into double play, 5-4-3 (Groundball, 56)
Top of the 5th over - 1 run, 1 hit, 1 error, 0 left on base; Plumstead 5 - Lee's Summit 1
BOTTOM OF THE 5TH
Lee's Summit Tigers batting - Pitching for Plumstead Eagles : RHP Paul Orr
Batting: RHB José Deleón 0-0: Called Strike
0-1: Ball
1-1: Called Strike
1-2: Ball
2-2: Ball
3-2: Foul Ball, location: 2F
3-2: Foul Ball, location: 2F
3-2: Strikes out looking
Batting: RHB Salvador Rodríguez 0-0: Called Strike
0-1: Ball
1-1: Fly out, F7 (Flyball, 7D)
Batting: LHB José Guerrero 0-0: Ball
1-0: Fly out, F7 (Flyball, 7LSF)
Bottom of the 5th over - 0 runs, 0 hits, 0 errors, 0 left on base; Plumstead 5 - Lee's Summit 1
TOP OF THE 6TH
Plumstead Eagles batting - Pitching for Lee's Summit Tigers : RHP Mike Spencer
Batting: RHB Edmund Swanson 0-0: Swinging Strike
0-1: Foul Ball, location: 2F
0-2: Fly out, F3 (Popup, 34)
Batting: RHB David Rodríguez 0-0: Ball
1-0: Foul Ball, location: 2F
1-1: SINGLE (Groundball, 56D)
Batting: RHB Carlos Palomón 0-0: DOUBLE (Line Drive, 7LM)
David Rodríguez to third
Batting: LHB Mauro López 0-0: Foul Ball, location: 2F
0-1: Ball
1-1: Called Strike
1-2: DOUBLE (Groundball, 3L)
David Rodríguez scores
Carlos Palomón scores
Batting: SHB Joaquín Gilera 0-0: Swinging Strike
0-1: SINGLE (Groundball, 34D)
Mauro López to third
Runner from 3rd tries for Home, SAFE, throw made home
Joaquín Gilera to second
Batting: RHB Wayne Workman 0-0: Ball
1-0: Called Strike
1-1: Foul Ball, location: 2F
1-2: Fly out, F4 (Line Drive, 4M)
Batting: LHB Ramón Morán 0-0: Ball
1-0: Foul Ball, location: 2F
1-1: Foul Ball, location: 2F
1-2: Foul Ball, location: 2F
1-2: Foul Ball, location: 2F
1-2: Ball
2-2: Foul Ball, location: 2F
2-2: Ground out 4-3 (Groundball, 4)
Top of the 6th over - 3 runs, 4 hits, 0 errors, 1 left on base; Plumstead 8 - Lee's Summit 1
BOTTOM OF THE 6TH
Lee's Summit Tigers batting - Pitching for Plumstead Eagles : RHP Paul Orr
Batting: LHB Terry Neal 0-0: Ball
1-0: Called Strike
1-1: Fly out, F9 (Flyball, 9LMF)
Batting: RHB Juan Rodríguez 0-0: DOUBLE (Line Drive, 89D)
Batting: RHB Luwen Tijl 0-0: Ball
1-0: Ball
2-0: Fly out, F8 (Flyball, 8RD)
Runner from 2nd tags up, OUT at 3rd
Bottom of the 6th over - 0 runs, 1 hit, 0 errors, 0 left on base; Plumstead 8 - Lee's Summit 1
TOP OF THE 7TH
Plumstead Eagles batting - Pitching for Lee's Summit Tigers : RHP Mike Spencer
Batting: SHB Travis Martin 0-0: Foul Ball, location: 2F
0-1: Ground out 1-3 (Groundball, 13)
Batting: LHB Víctor Peña 0-0: Called Strike
0-1: Foul Ball, location: 2F
0-2: Ball
1-2: Ground out 4-3 (Groundball, 4)
Batting: RHB Edmund Swanson 0-0: Ball
1-0: Foul Ball, location: 2F
1-1: Called Strike
1-2: Ball
2-2: Foul Ball, location: 2F
2-2: Strikes out swinging
Top of the 7th over - 0 runs, 0 hits, 0 errors, 0 left on base; Plumstead 8 - Lee's Summit 1
BOTTOM OF THE 7TH
Lee's Summit Tigers batting - Pitching for Plumstead Eagles : RHP Paul Orr
Batting: RHB Jesús García 0-0: Ball
1-0: Ball
2-0: Called Strike
2-1: Ball
3-1: Foul Ball, location: 2F
3-2: SINGLE (Groundball, 6MD)
Batting: SHB Enrique Bartoccini 0-0: Called Strike
0-1: Grounds into double play, 5-4-3 (Groundball, 5)
Batting: SHB José Castillo 0-0: Ball
1-0: Fly out, F8 (Flyball, 8RXD)
Bottom of the 7th over - 0 runs, 1 hit, 0 errors, 0 left on base; Plumstead 8 - Lee's Summit 1
TOP OF THE 8TH
Plumstead Eagles batting - Pitching for Lee's Summit Tigers : RHP Mike Spencer
Pitching: RHP Tomás Viña
Batting: RHB David Rodríguez 0-0: Swinging Strike
0-1: Foul Ball, location: 2F
0-2: SINGLE (Flyball, 9LS)
Batting: RHB Carlos Palomón 0-0: Ball
1-0: Swinging Strike
1-1: Fly out, F7 (Flyball, 78D)
Pinch Hitting: LHB Jerry Tolbert 0-0: Foul Ball, location: 2F
0-1: Ball
1-1: SINGLE (Flyball, 89S)
David Rodríguez to second
Runner from 2nd tries for 3rd, SAFE, throw made to third
Batting: SHB Joaquín Gilera 0-0: Ball
1-0: Foul Ball, location: 2F
1-1: Called Strike
1-2: Strikes out swinging
Batting: RHB Wayne Workman 0-0: Fly out, F5 (Line Drive, 5S)
Top of the 8th over - 0 runs, 2 hits, 0 errors, 2 left on base; Plumstead 8 - Lee's Summit 1
BOTTOM OF THE 8TH
Lee's Summit Tigers batting - Pitching for Plumstead Eagles : RHP Paul Orr
Now in RF: Jerry Tolbert
Batting: RHB José Deleón 0-0: Swinging Strike
0-1: Swinging Strike
0-2: Ball
1-2: Foul Ball, location: 2F
1-2: Ball
2-2: Ball
3-2: Strikes out swinging
Batting: RHB Salvador Rodríguez 0-0: Foul Ball, location: 2F
0-1: Swinging Strike
0-2: Foul Ball, location: 2F
0-2: Ball
1-2: Foul Ball, location: 2F
1-2: Strikes out swinging
Batting: LHB José Guerrero 0-0: Called Strike
0-1: Ground out 6-3 (Groundball, 6)
Bottom of the 8th over - 0 runs, 0 hits, 0 errors, 0 left on base; Plumstead 8 - Lee's Summit 1
TOP OF THE 9TH
Plumstead Eagles batting - Pitching for Lee's Summit Tigers : RHP Tomás Viña
Pitching: LHP Luis Sandoval
Batting: LHB Ramón Morán 0-0: Ball
1-0: Foul Ball, location: 2F
1-1: Ground out 5-3 (Groundball, 5L)
Batting: SHB Travis Martin 0-0: Fly out, F8 (Flyball, 8RD)
Batting: LHB Víctor Peña 0-0: Fly out, F8 (Flyball, 8RM)
Top of the 9th over - 0 runs, 0 hits, 0 errors, 0 left on base; Plumstead 8 - Lee's Summit 1
BOTTOM OF THE 9TH
Lee's Summit Tigers batting - Pitching for Plumstead Eagles : RHP Paul Orr
Pitching: LHP Jake Davis
Batting: LHB Terry Neal 0-0: Ball
1-0: Swinging Strike
1-1: Ball
2-1: Swinging Strike
2-2: SINGLE (Groundball, 34D)
Batting: RHB Juan Rodríguez 0-0: Called Strike
0-1: Ball
1-1: Foul Ball, location: 2F
1-2: Ball
2-2: Strikes out looking
Batting: RHB Luwen Tijl 0-0: SINGLE (Groundball, 56S) (infield hit)
Terry Neal to second
Batting: RHB Jesús García 0-0: Ball
1-0: Ball
2-0: Foul Ball, location: 2F
2-1: Ball
3-1: Called Strike
3-2: Strikes out swinging
Batting: SHB Enrique Bartoccini 0-0: Ball
1-0: Called Strike
1-1: Swinging Strike
1-2: Ball
2-2: 3-RUN HOME RUN (Flyball, 7LD), Distance : 338 ft
Pitching: RHP Manny Ramos
Batting: SHB José Castillo 0-0: Foul Ball, location: 2F
0-1: Ball
1-1: Swinging Strike
1-2: Hit by Pitch, AND HE CHARGES THE MOUND! The benches clear!
Pitching: RHP Jack Bass
Pinch Runner at 1st Erik Carbajal:
Batting: RHB José Deleón 0-0: Ball
1-0: Ball
2-0: Called Strike
2-1: Ball
3-1: Foul Ball, location: 2F
3-2: Base on Balls
Erik Carbajal to second
Batting: RHB Salvador Rodríguez 0-0: Foul Ball, location: 2F
0-1: Foul Ball, location: 2F
0-2: Strikes out swinging
Bottom of the 9th over - 3 runs, 3 hits, 0 errors, 2 left on base; Plumstead 8 - Lee's Summit 4
Saturday, December 16th, 2017 - OOTP Baseball 18.8 Build 76